 Dungeon Crawl Stone Soup version 0.31-a0-208-gdb31a4691d (webtiles) character file.

Game seed: 15071358965281879695

53111 lunkers the Cardsharp (level 15, -8/137 HPs)
             Began as a Meteoran Wanderer on June 28, 2023.
             Was a High Priest of Nemelex Xobeh.
             Mangled by a tyrant leech (24 damage)
             ... on level 2 of the Lair of Beasts.
             The game lasted 00:36:07 (8801 turns).

lunkers the Cardsharp (Meteoran Wanderer)           Turns: 8801, Time: 00:36:08

Health: -8/137     AC: 17    Str: 21    XL:     15   Next: 49%
Magic:  28/28      EV: 26    Int: 10    God:    Nemelex Xobeh [*****.]
Gold:   1001       SH:  7    Dex: 19    Spells: 16/16 levels left

rFire   . . .        a - +1 demon trident (heavy)
rCold   . . .        k - +2 buckler
rNeg    . . .        w - +3 troll leather armour {Snorg}
rPois   .            (no helmet)
rElec   .            (no cloak)
rCorr   .            s - +1 pair of gloves
SInv    .            g - +0 pair of boots
Will    +....        O - amulet of Vitality {RegenMP++ Regen++}
Stlth   +            f - +4 ring of protection
HPRegen 2.82/turn    m - +5 ring of evasion
MPRegen 1.01/turn

%: no passive effects
@: glowing, unable to read
A: sense surroundings 2, otherworldly, glowing, explore regen, iridescent scales
1, inability to read after injury 1
a: Renounce Religion, Draw Escape, Draw Destruction, Draw Summoning, Triple
Draw, Deal Four, Stack Five


You were on level 2 of the Lair of Beasts.
You worshipped Nemelex Xobeh.
Nemelex Xobeh was extremely pleased with you.
You visited 3 branches of the dungeon, and saw 18 of its levels.
You also visited: Sewer.

You collected 1001 gold pieces.

Inventory:

Hand Weapons
 a - a +1 heavy demon trident (weapon)
Missiles
 t - 2 curare-tipped darts
 y - 3 throwing nets
Armour
 b - a +3 ring mail
 g - a +0 pair of boots (worn)
 k - a +2 buckler (worn)
 p - +0 swamp dragon scales
 s - a +1 pair of gloves (worn)
 w - a +3 troll leather armour (worn) {Snorg}
 D - a +0 kite shield
Jewellery
 f - a +4 ring of protection (left hand)
 m - a +5 ring of evasion (right hand)
 n - a ring of poison resistance
 q - a +6 ring of intelligence
 z - a ring of protection from fire
 C - a ring of protection from fire
 L - an amulet of faith
 O - the amulet of Vitality (around neck) {RegenMP++ Regen++}
   (You found it on level 5 of the Lair of Beasts)

   [amulet of magic regeneration]

   It increases your rate of magic regeneration.
   Regen:     It increases your rate of health regeneration.
Wands
 i - a wand of polymorph (1)
 r - a wand of acid (1)
 v - a wand of mindburst (14)
 F - a wand of flame (20)
 I - a wand of paralysis (3)
Scrolls
 x - a scroll of fear
 A - a scroll of teleportation
 B - a scroll of silence
 H - 2 scrolls of amnesia
 J - a scroll of enchant armour
Potions
 c - 5 potions of lignification
 d - 2 potions of resistance
 e - 4 potions of enlightenment
 h - a potion of attraction
 j - 9 potions of curing
 l - a potion of berserk rage
 o - a potion of invisibility {unknown}
 u - a potion of cancellation
 E - a potion of magic
 G - 4 potions of heal wounds
 K - a potion of mutation {unknown}
 M - 2 potions of might {unknown}
 N - 2 potions of brilliance {unknown}


   Skills:
 + Level 13.8 Fighting
 - Level 1.3 Maces & Flails
 - Level 14.0 Polearms
 - Level 1.2 Throwing
 - Level 6.0 Armour
 + Level 14.5 Dodging
 - Level 1.0 Stealth
 - Level 2.7 Shields
 - Level 1.3 Spellcasting
 + Level 17.3 Invocations


You had 16 spell levels left.
You didn't know any spells.
Your spell library contained the following spells:

 Spells                   Type           Power      Damage    Failure   Level
 Foxfire                  Conj/Fire      0%         2x1d4     43%         1
 Necrotise                Necr           0%         1d4       43%         1
 Summon Small Mammal      Summ           0%         N/A       43%         1
 Cigotuvi's Dreadful Rot  Necr/Pois/Air  0%         N/A       56%         2
 Scorch                   Fire           0%         2d5       56%         2
 Call Canine Familiar     Summ           0%         N/A       80%         3
 Ignite Poison            Fire/Tmut/Pois 0%         N/A       80%         3
 Summon Guardian Golem    Hex/Summ       0%         N/A       80%         3
 Vampiric Draining        Necr           0%         2d6       80%         3
 Animate Dead             Necr           0%         N/A       99%         4
 Flame Wave               Conj/Fire      0%         2d4       99%         4
 Agony                    Necr           0%         N/A       100%        5
 Borgnjor's Vile Clutch   Necr/Erth      0%         N/A       100%        5
 Fireball                 Conj/Fire      0%         3d3       100%        5
 Freezing Cloud           Conj/Ice/Air   0%         6-21      100%        5
 Death Channel            Necr           0%         N/A       100%        6
 Plasma Beam              Fire/Air       0%         2x1d10    100%        6
 Starburst                Conj/Fire      0%         6d3       100%        6
 Summon Cactus Giant      Summ           0%         N/A       100%        6


Dungeon Overview and Level Annotations

Branches:
Dungeon (12/15) Zot: 848   Temple (0/1) D:6            Lair (5/5) D:11 Zot: 1302
  Swamp (1/4) Lair:2 Zot: 594   Snake (0/4) Lair:2        Slime (0/5) Lair:5
    Orc (0/2) D:11          Sewer (visited)

Altars:
Ashenzari
Cheibriados
Dithmenos
Fedhas
Gozag
Hepliaklqana
Nemelex Xobeh
Okawaru
Ru
Trog
Yredelemnul
Zin
Jiyva

Shops:
D:10 (


Innate Abilities, Weirdness & Mutations

You passively map the area around you.
You are easily found by Zot.
You glow in the dark.
You regain HP and MP as you explore.
You are partially covered in iridescent scales. (AC +2)
You occasionally lose the ability to read scrolls when taking damage.


Message History

* * * LOW HITPOINT WARNING * * *
The eight-headed hydra closely misses you.
You block the tyrant leech's attack.
Unknown command.
Reach: a) +1 demon trident (heavy)
Press: ? - help, Dir - move target, f/p - tyrant leech
Aim: a tyrant leech (lightly wounded, about 40% to evade your +1 heavy demon trident)
You barely miss the tyrant leech.
The tyrant leech is lightly wounded.
You block the eight-headed hydra's attack.
The eight-headed hydra bites you but does no damage.
You block the eight-headed hydra's attack.
The eight-headed hydra bites you.
* * * LOW HITPOINT WARNING * * *
The eight-headed hydra misses you.
The eight-headed hydra closely misses you.
The eight-headed hydra completely misses you.
The eight-headed hydra misses you.
The tyrant leech bites you but does no damage.
Unknown command.
You draw a card...
You have drawn the Orb.
Press: ? - help, Shift-Dir - straight line, f/p - tyrant leech
Aim: a tyrant leech (thin mist, lightly wounded)
The wavering orb of destruction weakly hits the tyrant leech!!
The tyrant leech is heavily wounded.
The eight-headed hydra completely misses you. x2
The eight-headed hydra bites you but does no damage.
The eight-headed hydra bites you.
* * * LOW HITPOINT WARNING * * *
The eight-headed hydra completely misses you.
The eight-headed hydra bites you!
* * * LOW HITPOINT WARNING * * *
The eight-headed hydra bites you!
* * * LOW HITPOINT WARNING * * *
You block the eight-headed hydra's attack.
The tyrant leech bites you!!
You feel threatened and lose the ability to read scrolls!
You die...
Your body glows slightly brighter and disappears.

##..####### ##...).....#
#..####.##.# ##### ##.#
#.##P.###...# #..#
#...........#
##.###..#....#...*
#..##P..##.P##P.#*
#..##w§###.####.####
##...§@§...........# #
####...§§§D§....#...#.####
#......§§.§#######.#...##.
##......§.§§# #†##..##.
#.....##.#### ###.....##.
##.#...### ####...#......
#####......###
#............. *
.............##
#.####.#...#P.
.#..#.....###.P##.,
###...#..


You could see an eight-headed hydra and a tyrant leech.

Vanquished Creatures
  Rupert (Lair:3)
  Snorg (D:10)
  An alligator (Lair:2)
  2 hydras (Lair:5)
  A boulder beetle (D:12)
  3 catoblepae (Lair:5)
  A tengu warrior (D:11)
  4 two-headed ogres
  11 death yaks
  Urug (D:12)
  The ghost of Brisketman the Covert, a novice KoVM of Ru (D:10)
  Amaemon (Lair:1)
  A skyshark (Lair:4)
  An orc knight (D:11)
  3 manticores
  A cyclops (D:12)
  11 elephants
  An eye of devastation (D:12)
  4 black mambas
  4 cane toads
  An orange demon (Lair:1)
  2 rime drakes
  Maggie (D:7)
  2 kobold demonologists (D:12)
  A tengu conjurer (D:11)
  3 yaktaurs (D:11)
  9 komodo dragons
  4 trolls
  2 polar bears
  The ghost of AwFulAwFulPlayer the Sneak, an amateur HuDe (D:4)
  3 blink frogs (Lair:2)
  3 slime creatures (D:12)
  Sigmund (D:4)
  47 yaks
  2 shadows
  2 vampires
  3 wraiths
  4 wyverns
  2 basilisks
  14 vampire mosquitoes
  A warg (D:10)
  A steam dragon (D:8)
  3 nagas (Lair:2)
  An acid dragon (D:11)
  5 water moccasins
  Duvessa (D:4)
  6 orc warriors
  A swamp drake (D:8)
  2 sky beasts
  9 centaurs
  2 ogres
  15 wolves
  3 kobold brigands
  6 bullfrogs
  5 gnoll sergeants
  3 scorpions
  3 wights (D:7)
  Dowan (D:4)
  7 killer bees (D:9)
  5 howler monkeys
  7 jellies
  2 gnoll boudas (D:10)
  9 hounds
  10 orc priests
  6 iguanas
  A sleepcap (D:7)
  14 orc wizards
  Robin (D:2)
  4 adders
  27 gnolls
  2 shadow imps
  A white imp (D:7)
  2 ufetubi (D:6)
  4 worms
  2 dart slugs
  62 orcs
  5 endoplasms
  2 giant cockroaches
  9 goblins
  9 hobgoblins
  7 jackals
  2 quokkas
  7 ball pythons
  7 bats (Sewer)
  2 frilled lizards
  19 kobolds
  3 rats (D:1)
467 creatures vanquished.

Vanquished Creatures (collateral kills)
  An elephant (Lair:1)
  4 molten gargoyles (D:9)
  2 killer bees (D:9)
  A centaur zombie (D:4)
  2 bullfrog skeletons (D:4)
  An adder (D:4)
11 creatures vanquished.

Grand Total: 478 creatures vanquished

Notes
Turn   | Place    | Note
-------+----------+-------------------------------------------
     0 | D:1      | lunkers the Meteoran Wanderer began the quest for the Orb.
     0 | D:1      | lunkers set off with the following items: a +3 spear, a +0
                  | mace, a potion of lignification, a +0 leather armour.
     0 | D:1      | Reached XP level 1. HP: 19/19 MP: 3/3
    34 | D:1      | Reached XP level 2. HP: 10/26 MP: 5/5
   325 | D:2      | Reached XP level 3. HP: 31/31 MP: 6/6
   327 | D:2      | Noticed Robin
   488 | D:2      | Found a faded altar of an unknown god.
   527 | D:2      | Prayed at the altar of an unknown god.
   527 | D:2      | Became a worshipper of Nemelex Xobeh the Trickster
   527 | D:2      | Reached * piety under Nemelex Xobeh
   536 | D:2      | Killed Robin
   537 | D:2      | Reached XP level 4. HP: 21/38 MP: 7/7
   738 | D:2      | Received a gift from Nemelex Xobeh
   828 | D:3      | Found an opulent altar of Gozag.
   839 | D:3      | Reached skill level 1 in Invocations
   871 | D:3      | Reached skill level 5 in Polearms
   876 | D:3      | Reached skill level 2 in Invocations
   876 | D:3      | Reached XP level 5. HP: 41/45 MP: 8/8
  1168 | D:4      | Noticed Eustachio
  1172 | D:4      | Reached skill level 3 in Invocations
  1186 | D:4      | Eustachio changed into Eustachio the worm
  1186 | D:4      | Noticed Eustachio
  1187 | D:4      | Reached ** piety under Nemelex Xobeh
  1190 | D:4      | Killed Eustachio the worm
  1210 | D:4      | Noticed Sigmund
  1214 | D:4      | Killed Sigmund
  1215 | D:4      | Reached skill level 4 in Invocations
  1215 | D:4      | Reached XP level 6. HP: 51/51 MP: 8/10
  1215 | D:4      | Reached XP level 7. HP: 57/57 MP: 8/11
  1237 | D:4      | Found a bloodstained altar of Trog.
  1314 | D:4      | Found a glowing silver altar of Zin.
  1426 | D:4      | Reached skill level 5 in Invocations
  1491 | D:4      | Noticed Duvessa
  1491 | D:4      | Noticed Dowan
  1495 | D:4      | Killed Duvessa
  1501 | D:4      | Killed Dowan
  1502 | D:4      | Reached skill level 6 in Invocations
  1515 | D:4      | Found a glowing drain.
  1546 | Sewer    | Entered a sewer
  1578 | Sewer    | Noticed a water moccasin
  1588 | Sewer    | Killed a water moccasin
  1589 | Sewer    | Reached XP level 8. HP: 63/63 MP: 13/13
  1656 | D:4      | Found a runed translucent gate.
  1656 | D:4      | Found a runed translucent gate.
  1658 | D:4      | Found a runed translucent gate.
  1663 | D:4      | Noticed AwFulAwFulPlayer's ghost (amateur HuDe)
  1687 | D:4      | Killed AwFulAwFulPlayer's ghost
  1688 | D:4      | Reached skill level 7 in Invocations
  1718 | D:4      | Received a gift from Nemelex Xobeh
  1730 | D:4      | Found a blossoming altar of Fedhas.
  1862 | D:5      | Entered Level 5 of the Dungeon
  2014 | D:5      | Found a hazy altar of Hepliaklqana.
  2024 | D:5      | Reached skill level 1 in Armour
  2078 | D:5      | Gained mutation: You passively map the area around you.
                  | [Meteoran growth]
  2078 | D:5      | Reached XP level 9. HP: 56/71 MP: 15/15
  2109 | D:5      | Found a snail-covered altar of Cheibriados.
  2163 | D:5      | Found a broken altar of Ashenzari.
  2221 | D:5      | Received a gift from Nemelex Xobeh
  2436 | D:6      | Reached skill level 8 in Invocations
  2440 | D:6      | Found a staircase to the Ecumenical Temple.
  2549 | D:6      | Reached *** piety under Nemelex Xobeh
  2591 | D:6      | Identified the +0 chain mail of the Lily {Dex+9}
  2743 | D:6      | Received a gift from Nemelex Xobeh
  2768 | D:6      | Reached skill level 10 in Polearms
  2783 | D:6      | Reached skill level 5 in Fighting
  2986 | D:7      | Noticed Maggie
  3007 | D:7      | Killed Maggie
  3008 | D:7      | Reached skill level 9 in Invocations
  3008 | D:7      | Reached XP level 10. HP: 75/81 MP: 17/17
  3188 | D:7      | Reached skill level 5 in Armour
  3196 | D:7      | Reached skill level 5 in Dodging
  3278 | D:7      | Reached skill level 10 in Invocations
  3344 | D:7      | Noticed a manticore
  3355 | D:7      | Killed a manticore
  3743 | D:8      | Reached skill level 1 in Shields
  3843 | D:8      | Found an iron altar of Okawaru.
  3888 | D:8      | Reached XP level 11. HP: 59/91 MP: 19/19
  4026 | D:8      | Reached skill level 11 in Invocations
  4355 | D:9      | Received a gift from Nemelex Xobeh
  4454 | D:9      | Found a sacrificial altar of Ru.
  4531 | D:9      | Found a basalt altar of Yredelemnul.
  4716 | D:9      | Reached skill level 12 in Invocations
  4798 | D:9      | Reached XP level 12. HP: 22/103 MP: 22/22
  4852 | D:10     | Entered Level 10 of the Dungeon
  4852 | D:10     | Reached **** piety under Nemelex Xobeh
  4898 | D:10     | Noticed a two-headed ogre
  4902 | D:10     | Killed a two-headed ogre
  4903 | D:10     | Noticed Snorg
  4908 | D:10     | Killed Snorg
  4933 | D:10     | Found Hedetiust's Antique Weapon Shop.
  5047 | D:10     | Identified the +1 hand axe of Mayhem {drain, Drain Dex+6}
  5189 | D:10     | Reached skill level 13 in Invocations
  5202 | D:10     | Found a shadowy altar of Dithmenos.
  5286 | D:10     | Reached skill level 10 in Dodging
  5528 | D:10     | Found a runed translucent gate.
  5528 | D:10     | Found a runed translucent gate.
  5531 | D:10     | Noticed Brisketman's ghost (novice KoVM)
  5534 | D:10     | Found a runed translucent gate.
  5577 | D:10     | Killed Brisketman's ghost
  5578 | D:10     | Reached skill level 10 in Fighting
  5860 | D:11     | Reached XP level 13. HP: 113/113 MP: 24/24
  5970 | D:11     | Found a staircase to the Lair.
  6014 | D:11     | Noticed a tengu warrior
  6058 | D:11     | Killed a tengu warrior
  6081 | D:11     | Reached skill level 14 in Invocations
  6332 | D:11     | Noticed a two-headed ogre
  6347 | D:11     | Killed a two-headed ogre
  6378 | D:12     | Reached ***** piety under Nemelex Xobeh
  6437 | D:12     | Noticed a boulder beetle
  6488 | D:12     | Killed a boulder beetle
  6536 | D:12     | Gained mutation: You are partially covered in iridescent
                  | scales. (AC +2) [a neqoxec]
  6544 | D:12     | Gained mutation: You occasionally lose the ability to read
                  | scrolls when taking damage. [a neqoxec]
  6563 | D:12     | Identified the +1 robe "Laituat" {+Inv rF+ Stlth-}
  6567 | D:12     | Received a gift from Nemelex Xobeh
  6823 | D:12     | Noticed a two-headed ogre
  6825 | D:12     | a two-headed ogre changed into an eye of devastation
  6826 | D:12     | Noticed Urug
  6826 | D:12     | Noticed a two-headed ogre
  6838 | D:12     | Killed a two-headed ogre
  6839 | D:12     | Reached skill level 15 in Invocations
  6852 | D:12     | Killed Urug
  6981 | D:12     | Noticed a two-headed ogre
  6986 | D:12     | Killed a two-headed ogre
  7093 | Lair:1   | Entered Level 1 of the Lair of Beasts
  7109 | Lair:1   | Noticed Amaemon
  7121 | Lair:1   | Killed Amaemon
  7217 | Lair:1   | Reached XP level 14. HP: 73/125 MP: 26/26
  7288 | Lair:2   | Found a staircase to the Swamp.
  7364 | Lair:2   | Received a gift from Nemelex Xobeh
  7381 | Lair:2   | Found a staircase to the Snake Pit.
  7448 | Lair:3   | Noticed Rupert
  7464 | Lair:3   | Killed Rupert
  7669 | Lair:4   | Received a gift from Nemelex Xobeh
  7805 | Lair:4   | Reached skill level 16 in Invocations
  7843 | Lair:5   | Entered Level 5 of the Lair of Beasts
  8055 | Lair:5   | Received a gift from Nemelex Xobeh
  8112 | Lair:5   | Reached XP level 15. HP: 118/135 MP: 28/28
  8225 | Lair:5   | Found a runed translucent door.
  8231 | Lair:5   | Found a viscous altar of Jiyva.
  8260 | Lair:5   | Found a staircase to the Slime Pits.
  8435 | Lair:5   | Reached skill level 17 in Invocations
  8541 | Lair:5   | Found the amulet of Vitality {RegenMP++ Regen++}
  8783 | Swamp:1  | Entered Level 1 of the Swamp
  8783 | Swamp:1  | Received a gift from Nemelex Xobeh
  8801 | Lair:2   | Mangled by a tyrant leech

Illustrated notes

Levels and vault maps discovered:
D:1:      amcnicky_arrival_flooded_fountain, layout_loops_ring, nicolae_titane
D:2:      layout_loops_cross, ebering_ecumenical_altar_webs, uniq_robin
D:3:      layout_basic, mainiacjoe_overflow_24_doors, roderic_serpentine_path
D:4:      layout_gridville, zin_academy, trog_book, fedhas_altar_1,
          gammafunk_ghost_necromancy, cheibrodos_sewer_entry_drain,
          uniq_sigmund, uniq_eustachio, uniq_duvessa
D:5:      layout_gridville, nicolae_overflow_hidden_temple, lemuel_round_altar,
          mainiacjoe_overflow_surrounded_room
D:6:      layout_cave_pools, minmay_temple_entry_stoned_glass
D:7:      minmay_opposing_rooms, layout_cave_pods, uniq_maggie
D:8:      layout_basic, okawaru_gym_becter
D:9:      layout_roguey, lemuel_crystal_altar, marbit_many_paths,
          lemuel_crystal_altar, special_room [special_room_bee], hex_medium,
          minivault_8
D:10:     layout_cave_pools, grunt_dithmenos_shadows, serial_shops, shop,
          biasface_ghost_orc_armoury, serial_gnoll_camp, gnoll_camp_medium_02,
          gnoll_camp_mini_loothouse, gnoll_camp_medium_01,
          gnoll_camp_mini_sergeant, solitary_fountain, minivault_19, uniq_snorg
D:11:     layout_long_grid, lair_entry_dummy, david_orc_5,
          ploomutoo_gammafunk_ghost_potion_laboratory, hex_large, st_stairs_9
D:12:     layout_roguey, uniq_urug
Lair:1:   layout_gridlike, basic_altar, lemuel_fruit_tree, lemuel_fruit_fields,
          serial_bayou_shore_a, uniq_sonja, uniq_amaemon
Lair:2:   layout_loops_ring, swamp_mist, guppyfry_snake_entry_island
Lair:3:   layout_misc_corridors, gammafunk_ghost_split, minmay_lindwurm_lava,
          uniq_rupert
Lair:4:   layout_roguey, serial_bayou_lake_a, grunt_megastairs_2
Lair:5:   evilmike_catoblepas_cave, layout_gridlike, slime_entry_2,
          serial_bayou_crossing
Swamp:1:  layout_basic_swamp, evilmike_swamp_ruin_house_4

Skill      XL: |  1  2  3  4  5  6  7  8  9 10 11 12 13 14 15 |
---------------+----------------------------------------------+-----
Polearms       | 3 4 5 6 7 8 10 11 12 14 | 14.0
Invocations    | 2 4 6 7 9 10 12 13 15 16 17 | 17.3
Armour         | 1 4 6 |  6.0
Dodging        | 4 6 8 10 12 13 14 | 14.5
Fighting       | 5 6 8 10 11 13 | 13.8
Shields        | 1 2 |  2.7
Maces & Flails | |  1.3
Throwing       | |  1.2
Stealth        | |  1.0
Spellcasting   | |  1.3

Action                     |  1- 3 |  4- 6 |  7- 9 | 10-12 | 13-15 || total
---------------------------+-------+-------+-------+-------+-------++-------
  Melee: Spear             |    77 |    78 |   286 |   850 |   411 ||  1702
         Punch             |       |     2 |     6 |       |       ||     8
         Unarmed           |       |       |     4 |       |       ||     4
         Demon trident     |       |       |       |       |   496 ||   496
 Invoke: Draw Destruction  |       |     4 |     2 |    15 |    11 ||    32
         Draw Summoning    |       |       |     2 |     1 |     1 ||     4
         Draw Escape       |       |       |       |     2 |     1 ||     3
  Evoke: Wand              |       |       |       |     2 |     1 ||     3
    Use: Scroll            |       |     5 |     5 |     6 |     6 ||    22
   Stab: Petrified         |       |       |       |       |     2 ||     2
 Armour: Leather armour    |    22 |    25 |    51 |       |       ||    98
         Ring mail         |       |       |    26 |       |       ||    26
         Swamp dragon scal |       |       |       |    91 |       ||    91
         Troll leather arm |       |       |       |    38 |   270 ||   308
  Dodge: Dodged            |    35 |    21 |   120 |   319 |   727 ||  1222
  Block: Buckler           |       |       |       |   141 |   325 ||   466

Table legend: (Time is in decaauts)
 A = Elapsed time spent in this place.
 B = Non-inter-level travel time spent in this place.
 C = Inter-level travel time spent in this place.
 D = Time resting spent in this place.
 E = Time spent auto-exploring this place.
 F = Levels seen in this place.
 G = Mean time per level.
                   A        B        C        D        E       F      G
               +--------+--------+--------+--------+--------+-----+--------+
         Total |   8144 |   7723 |    421 |      0 |   4503 |  19 |  428.6 |
       Dungeon |   6351 |   6068 |    283 |      0 |   3917 |  12 |  529.2 |
          Lair |   1696 |   1558 |    138 |      0 |    543 |   5 |  339.2 |
         Swamp |      5 |      5 |      0 |      0 |      0 |   1 |    5.0 |
         Sewer |     91 |     91 |      0 |      0 |     43 |   1 |   91.0 |
               +--------+--------+--------+--------+--------+-----+--------+

Top non-repeatable levels by time:
    D:10: 834 daAuts
  Lair:5: 783 daAuts
     D:7: 693 daAuts
     D:4: 590 daAuts
     D:6: 549 daAuts
    D:11: 549 daAuts
    D:12: 524 daAuts
     D:8: 519 daAuts
     D:5: 509 daAuts
     D:9: 439 daAuts
     D:2: 414 daAuts
     D:3: 368 daAuts
     D:1: 357 daAuts
  Lair:3: 277 daAuts
  Lair:2: 263 daAuts
